AoeStats
← UWU

Black Forest

505020540Analyzed
4v4 RM · 23d ago on Sep 7, 2026· 42m 52s· 8 players
Game mode
Random Map
Map size
Large (8 player)
Population
200
Speed
Normal
Resources
Standard
Victory
Conquest
Starting age
Dark Age
Ending age
Imperial Age
RankedLock teamsTeams togetherTeam positionsShared explorationLock speedFull tech treeHidden civsTurbo modeCheats
Victory
Defeat
🇰🇼 Spanish · Kuwait
920
+14
🇦🇷 Shu · Argentina
919
+14
🇮🇳 Khmer · India
897
+14
🇧🇷 Persians · Brazil
799
+19
🇵🇪 Hindustanis · Peru
878
-16
🇺🇸 Lithuanians · United States
875
-16
🇺🇸 Burmese · United States
865
-15
🇨🇿 Franks · Czechia
832
-14
WAMCHI
10:52 Feudal Age
11:27 Double-Bit Axe
13:48 Town Watch
15:24 Wheelbarrow
18:09 Castle Age
19:00 Bow Saw
25:13 Hand Cart
29:21 Imperial Age
31:38 Husbandry
31:48 Bloodlines
32:13 Forging
32:08 Scale Barding Armor
32:51 Cavalier
36:37 Chain Barding Armor
37:00 Gold Mining
38:23 Iron Casting
38:24 Plate Barding Armor
37:55 Paladin
40:56 Horse Collar
43:41 Conscription
43:23 Hill Forts
isthisthingon
1:14 Loom
15:51 Feudal Age
16:18 Horse Collar
23:47 Castle Age
22:19 Arson
25:02 Heavy Plow
25:58 Gold Mining
27:57 Fletching
31:30 Town Watch
34:23 Gold Shaft Mining
34:20 Fortified Wall
39:46 Imperial Age
UWU
1:06 Loom
12:34 Feudal Age
15:01 Double-Bit Axe
20:11 Town Watch
23:33 Castle Age
25:25 Bow Saw
40:21 Imperial Age
38:30 Wheelbarrow
38:02 Scale Mail Armor
39:03 Forging
marshall_o18
0:51 Loom
11:51 Feudal Age
17:12 Castle Age
15:32 Double-Bit Axe
16:06 Horse Collar
29:20 Imperial Age
28:13 Arson
27:48 Pikeman
28:40 Gold Mining
28:54 Grand Trunk Road
28:57 Squires
30:25 Gold Shaft Mining
30:05 Forging
31:00 Town Watch
32:49 Chemistry
Kingfallcon
0:35 Loom
10:46 Feudal Age
11:17 Double-Bit Axe
13:59 Horse Collar
18:46 Castle Age
18:20 Gold Mining
19:12 Wheelbarrow
22:11 Bow Saw
23:07 Fervor
25:19 Heavy Plow
25:12 Stone Mining
25:58 Ballistics
27:07 Bloodlines
27:09 Husbandry
29:12 Hand Cart
30:04 Heated Shot
33:55 Imperial Age
32:50 Scale Mail Armor
33:01 Forging
32:56 Scale Barding Armor
33:32 Fletching
33:57 Chain Mail Armor
33:45 Padded Archer Armor
33:31 Cavalier
35:53 Chemistry
36:01 Savar
37:48 Crop Rotation
38:09 Gold Shaft Mining
38:13 Town Watch
40:45 Plate Mail Armor
40:50 Iron Casting
41:32 Two-Man Saw
43:49 Blast Furnace
Ultra cogolloo
0:40 Loom
14:40 Feudal Age
15:57 Wheelbarrow
16:55 Forging
18:05 Horse Collar
20:04 Gold Mining
20:05 Double-Bit Axe
23:50 Castle Age
25:15 Scale Mail Armor
26:56 Hand Cart
27:36 Stone Mining
29:14 Heavy Plow
30:38 Bow Saw
33:52 Fortified Wall
37:45 Imperial Age
35:58 Fletching
36:06 Crossbowman
36:52 Thumb Ring
38:17 Bodkin Arrow
38:23 Padded Archer Armor
39:29 Chemistry
40:19 Ballistics
40:04 Bracer
41:14 Town Watch
41:15 Arbalester
Q8_Rasheed
13:27 Feudal Age
14:47 Double-Bit Axe
17:22 Castle Age
15:34 Horse Collar
19:41 Bow Saw
27:18 Wheelbarrow
26:29 Loom
26:30 Town Watch
28:56 Scale Barding Armor
29:02 Forging
29:50 Heavy Plow
33:08 Imperial Age
30:54 Hand Cart
31:14 Chain Barding Armor
30:46 Fletching
30:56 Padded Archer Armor
31:32 Husbandry
31:46 Bloodlines
32:19 Town Patrol
34:13 Iron Casting
33:34 Bodkin Arrow
33:39 Scale Mail Armor
33:40 Padded Archer Armor
33:34 Capped Ram
33:46 Cavalier
34:13 Sappers
34:30 Siege Ram
35:08 Paladin
38:03 Plate Barding Armor
38:29 Blast Furnace
37:45 Chain Mail Armor
40:33 Coinage
40:47 Onager
Malai-Chaap
0:42 Loom
12:41 Feudal Age
13:17 Feudal Age
14:35 Double-Bit Axe
14:36 Horse Collar
16:46 Fishing Lines
22:13 Castle Age
26:54 Bow Saw
30:43 Imperial Age
29:32 Gillnets
31:04 Wheelbarrow
30:15 Town Watch
32:50 Hand Cart
32:37 Town Patrol
34:26 Tusk Swords
34:26 Double Crossbow
34:47 Conscription
33:58 Sappers
34:39 Husbandry
36:51 Heavy Scorpion
40:22 Elite Battle Elephant
41:13 Bloodlines
Connection lost

Rejoining the realm…

Still unreachable

The connection could not be restored.

Session expired

The server has moved on; the page needs a fresh start.